Map: Ephemeron LE

Players

billis

  • Race: Zerg Zerg
  • League: Master
  • Spawn Location: 11:00

MikeHawk - Winner!

  • Race: Terran Terran
  • League: Master
  • Spawn Location: 5:00

VOD

Have the link to the VOD?

Description

Time

  • Played on: Dec. 18, 2019, 3:30 p.m.
  • Length: 8:18
Show
View Real Time Build Order
Export as new Build Order

billis Zerg 

Build Orders: Hatch First 

Get SALT Encoding   

  12  0:00  Drone  
  13  0:12  Overlord  
  13  0:17  Drone  
  14  0:31  Drone x2  
  16  0:49  Hatchery  
  15  0:53  Drone  
  15  0:55  Drone  
  17  0:59  Drone  
  18  1:07  Extractor  
  18  1:08  Drone  
  18  1:18  Spawning Pool  
  17  1:22  Drone  
  18  1:27  Drone  
  19  1:39  Drone  
  20  1:48  Overlord  
  20  2:05  Queen x2  
  20  2:06  Zergling x2  
  25  2:09  Metabolic Boost  
  25  2:15  Drone  
  26  2:20  Drone  
  27  2:23  Drone  
  27  2:24  Drone  
  27  2:26  Drone  
  29  2:32  Drone  
  29  2:35  Drone  
  30  2:50  Drone x2  
  30  2:51  Queen  
  32  2:52  Overlord  
  34  3:00  Overlord  
  34  3:03  Extractor  
  33  3:05  Drone  
  33  3:06  Drone  
  33  3:07  Baneling Nest  
  35  3:20  Drone x3  
  37  3:28  Zergling x6  
  40  3:35  Zergling x2  
  40  3:38  Zergling x2  
  42  3:41  Zergling x2  
  43  3:52  Zergling x4  
  45  3:58  Hatchery  
  45  3:59  Zergling x2  
  44  4:04  Zergling x8  
  48  4:14  Zergling x4  
  50  4:25  Baneling x4  
  50  4:26  Zergling x4, Baneling x2  
  51  4:43  Overlord  
  51  4:44  Overlord  
  51  4:45  Overlord  
  45  4:57  Zergling x2  
  45  4:58  Zergling x6  
  41  5:08  Zergling x2  
  41  5:15  Lair  
  41  5:16  Zergling x4  
  41  5:21  Zergling x6  
  45  5:28  Drone  
  47  5:32  Drone x3  
  47  5:33  Drone x4  
  54  5:41  Drone  
  55  5:44  Drone x2  
  55  5:46  Drone  
  55  5:47  Drone  
  55  5:48  Drone  
  60  5:52  Drone, Hatchery  
  60  5:55  Overlord  
  60  5:56  Drone  
  61  6:03  Drone x3  
  61  6:04  Roach Warren, Baneling x3  
  63  6:08  Drone x2  
  65  6:14  Extractor  
  64  6:26  Zergling x2  
  64  6:27  Overlord  
  64  6:32  Overlord  
  65  6:43  Roach  
  65  6:44  Roach x7  
  65  6:45  Roach  
  83  6:47  Overlord  
  83  6:48  Roach x3  
  83  6:51  Zergling x6  
  92  6:54  Glial Reconstitution  
  92  6:59  Roach x2  
  92  7:00  Roach  
  98  7:02  Overlord x2  
  98  7:07  Roach  
  98  7:08  Roach  
  102  7:10  Roach  
  102  7:11  Roach  
  106  7:18  Baneling x2  
  106  7:19  Baneling x9  
  106  7:31  Roach x4  
  86  7:55  Roach x5  
  86  7:56  Roach x2  
Show
View Real Time Build Order
Export as new Build Order

MikeHawk Terran - Winner!

Build Orders: Liberator Opening, Reaper Expand 

Get SALT Encoding   

  12  0:00  SCV  
  13  0:13  SCV  
  14  0:18  Supply Depot  
  14  0:25  SCV  
  15  0:39  SCV  
  15  0:41  Barracks  
  16  0:44  Refinery  
  16  0:51  SCV  
  17  1:04  SCV  
  18  1:16  SCV  
  19  1:29  Orbital Command, Reaper  
  20  1:42  Command Center  
  20  1:54  SCV, Supply Depot  
  20  2:01  Marine  
  21  2:06  SCV  
  23  2:13  Factory  
  23  2:17  Refinery  
  23  2:19  SCV  
  23  2:21  Barracks Reactor  
  24  2:31  SCV  
  25  2:43  SCV  
  26  2:55  SCV  
  26  2:56  Orbital Command  
  27  2:59  Starport  
  27  3:05  Hellion x2  
  31  3:07  SCV, Barracks Tech Lab  
  32  3:19  SCV  
  33  3:20  Liberator  
  33  3:21  SCV  
  33  3:26  Supply Depot, Hellion  
  33  3:27  Marine, Hellion  
  38  3:33  SCV x2  
  44  3:45  SCV  
  44  3:46  SCV  
  48  3:48  Hellion  
  48  3:49  Hellion  
  48  3:54  Supply Depot  
  50  3:57  Stimpack  
  50  3:59  SCV x2  
  53  4:11  SCV  
  53  4:14  SCV  
  54  4:19  Command Center  
  54  4:23  Factory Tech Lab  
  54  4:24  SCV  
  54  4:26  SCV  
  54  4:27  Supply Depot, Marine  
  55  4:38  Barracks  
  55  4:39  Barracks, Starport Reactor  
  55  4:40  SCV  
  55  4:41  SCV  
  55  4:44  Siege Tank  
  60  4:52  SCV  
  61  4:53  SCV  
  57  5:00  Marine  
  57  5:05  Engineering Bay x2, SCV x2  
  60  5:11  Refinery  
  60  5:12  Refinery  
  60  5:16  Supply Depot, Siege Tank  
  60  5:17  SCV x2  
  60  5:19  Marine  
  66  5:27  Starport Reactor  
  66  5:34  Orbital Command, Terran Infantry Weapons Level 1, Terran Infantry Armor Level 1  
  68  5:41  Combat Shield  
  66  5:43  Marine x2  
  66  5:45  Barracks, Marine x2  
  66  5:46  Barracks, Marine  
  66  5:48  SCV  
  66  5:49  SCV  
  73  6:00  SCV  
  73  6:01  SCV, Marine x2  
  73  6:03  Marine x2  
  79  6:06  Orbital Command  
  79  6:08  Supply Depot  
  79  6:09  Supply Depot  
  79  6:12  SCV  
  79  6:13  SCV  
  79  6:16  Medivac x2  
  85  6:20  Siege Tank  
  85  6:24  SCV  
  85  6:25  SCV, Marine x3  
  93  6:26  Supply Depot  
  93  6:29  Marine x2  
  93  6:32  Supply Depot  
  95  6:33  SCV  
  95  6:34  Barracks Reactor x2  
  95  6:36  SCV  
  95  6:37  SCV  
  98  6:41  Armory  
  98  6:42  Marine  
  98  6:43  Marine  
  98  6:44  Marine  
  98  6:45  SCV  
  102  6:47  Marine x2  
  102  6:48  SCV  
  102  6:49  SCV  
  106  6:54  Supply Depot  
  106  6:55  Supply Depot  
  106  6:57  SCV  
  106  7:00  SCV, Marine  
  109  7:01  SCV  
  109  7:03  Refinery x2  
  109  7:05  Siege Tank, Factory  
  113  7:09  SCV  
  113  7:11  Marine  
  113  7:12  SCV, Marine  
  113  7:13  SCV, Marine x4  
  122  7:18  Marine x2  
  122  7:19  Marine  
  122  7:21  SCV  
  126  7:25  SCV x2  
  126  7:27  Medivac  
  126  7:28  Medivac  
  132  7:35  Marine x4  
  132  7:36  Supply Depot  
  136  7:37  Supply Depot, Siege Tank, Marine  
  138  7:48  Marine x3  
  134  7:51  Factory Tech Lab  
  134  7:53  Marine x2  
  134  7:56  Marine  
Tags
 
Add a new tag
Caveats
  • Supply blocks, unpowered buildings, or Contaminate may cause inaccurate times.
  • Supply counts are checked every 10 seconds.